 Dungeon Crawl Stone Soup version 0.28-a0-723-g095bd1b44f (webtiles) character file.

Game seed: 4931629317922267127

15278 jasper the Cleaver (level 11, -1/90 HPs)
             Began as a Demonspawn Artificer on Oct 25, 2021.
             Was an Elder of Okawaru.
             Hit by a javelin thrown by a minotaur (6 damage)
             ... in a Gauntlet on Oct 26, 2021.
             The game lasted 00:23:58 (15515 turns).

jasper the Cleaver (Demonspawn Artificer)          Turns: 15515, Time: 00:23:59

Health: -1/90      AC: 26    Str: 23    XL:     11   Next: 99%
Magic:  0/17       EV: 15    Int: 20    God:    Okawaru [****..]
Gold:   2879       SH:  4    Dex: 15    Spells: 10/10 levels left

rFire   + . .      SeeInvis +   x - +2 battleaxe
rCold   . . .      Faith    .   (shield currently unavailable)
rNeg    . . .      Spirit   +   T - +2 chain mail of Going Fast {SInv}
rPois   +          Reflect  .   m - +0 helmet
rElec   .          Harm     .   p - +0 cloak
rCorr   .          Rampage  .   R - +0 pair of gloves of Temperance {rPois}
Will    .....      NoTele   +   (boots unavailable)
Stlth   ..........              n - amulet "Bissi" {Spirit Drain Str+4 Int+6 Stlth+}
HPRegen 0.25/turn               g - ring "Soko" {Drain +Blink rF+ Str+6 SInv}
MPRegen 0.15/turn               (no ring)

@: agile, lethally poisoned (-1 -> -13), finesse-ful, hasted, very quick
A: hooves 3, thin metallic scales 1, icemail 2, powered by pain 1, condensation
shield
a: Renounce Religion, Evoke Blink, Heroism, Finesse


You were in a Gauntlet.
You worshipped Okawaru.
Okawaru was greatly pleased with you.
You visited 3 branches of the dungeon, and saw 13 of its levels.
You also visited: Gauntlet.

You collected 2879 gold pieces.

Inventory:

Hand Weapons
 a - a +0 club
 j - a +0 hand axe of flaming
 k - a +0 short sword
 s - a +2 hand axe of flaming
 x - a +2 battleaxe (weapon)
Missiles
 f - 276 stones (quivered)
 r - 2 throwing nets
Armour
 b - a +0 leather armour
 h - a +0 ring mail
 m - a +0 helmet (worn)
 p - a +0 cloak (worn)
 t - a +0 pair of boots
 v - a +0 plate armour of willpower
 y - a +0 chain mail
 M - a +0 chain mail of fire resistance
 R - the +0 pair of gloves of Temperance (worn) {rPois}
   (You found it on level 11 of the Dungeon)

   rPois:     It protects you from poison.
 T - the +2 chain mail of Going Fast (worn) {SInv}
   (You found it in a Gauntlet)

   SInv:      It lets you see invisible.
Jewellery
 c - an amulet of guardian spirit
 g - the ring "Soko" (left hand) {Drain +Blink rF+ Str+6 SInv}
   (You acquired it on level 1 of the Dungeon)

   [ring of strength]

   Str:       It affects your strength (+6).
   rF:        It protects you from fire.
   SInv:      It lets you see invisible.
   +Blink:    It lets you blink.
   Drain:     It drains your maximum health when unequipped.
 n - the amulet "Bissi" (around neck) {Spirit Drain Str+4 Int+6 Stlth+}
   (You acquired it on level 2 of the Dungeon)

   [amulet of guardian spirit]

   It causes incoming damage to be divided between your reserves of health and
   magic.
   Str:       It affects your strength (+4).
   Int:       It affects your intelligence (+6).
   Drain:     It drains your maximum health when unequipped.
   Stlth:     It makes you more stealthy.
 B - a ring of fire
 H - a ring of ice
 J - an amulet of the acrobat
 O - an amulet of faith
Wands
 d - a wand of charming (26)
 G - a wand of iceblast (10)
 N - a wand of polymorph (14)
 S - a wand of mindburst (21)
Scrolls
 u - 5 scrolls of teleportation
 F - 2 scrolls of immolation
 L - a scroll of blinking
 P - 2 scrolls of identify
 Q - a scroll of amnesia
Potions
 i - 3 potions of lignification
 l - 2 potions of ambrosia
 o - 5 potions of brilliance
 q - 2 potions of mutation
 w - a potion of attraction
 z - 3 potions of flight
 A - 3 potions of curing
 C - 3 potions of degeneration
 E - a potion of magic
 K - 3 potions of resistance
Miscellaneous
 e - a piece from Xom's chessboard (15/15)


   Skills:
 + Level 10.0 Fighting
 * Level 11.2 Axes
 + Level 7.9 Armour
 - Level 5.0 Dodging
 - Level 0.8 Stealth
 - Level 8.1 Invocations
 - Level 3.0 Evocations


You had 10 spell levels left.
You didn't know any spells.
Your spell library contained the following spells:

 Spells                   Type           Power      Damage    Failure   Level
 Corpse Rot               Necr/Air       0%         N/A       88%         2
 Passwall                 Tmut/Erth      0%         N/A       88%         2
 Poisonous Vapours        Pois/Air       0%         N/A       88%         2
 Sublimation of Blood     Necr           0%         N/A       88%         2
 Ozocubu's Armour         Ice            0%         N/A       98%         3
 Swiftness                Air            0%         N/A       98%         3
 Petrify                  Tmut/Erth      0%         N/A       100%        4
 Irradiate                Conj/Tmut      0%         3d13      100%        5
 Invisibility             Hex            0%         N/A       100%        6
 Ozocubu's Refrigeration  Ice            0%         4d5       100%        7


Dungeon Overview and Level Annotations

Branches:
Dungeon (11/15)            Temple (1/1) D:6            Lair (1/6) D:9
    Orc (0/2) D:11        Gauntlet (1/1)

Altars:
Ashenzari
Cheibriados
Dithmenos
Elyvilon
Fedhas
Gozag
Hepliaklqana
Kikubaaqudgha
Nemelex Xobeh
Okawaru
Qazlal
Ru
Sif Muna
Trog
Vehumet
Wu Jian
Xom
Yredelemnul
Zin
The Shining One

Annotations:
D:5 4 transporters, Barbarella's ghost, novice KoEn Gauntlet 4 transporters, exclusion: lightning spire


Innate Abilities, Weirdness & Mutations

You have hooves in place of feet.
You are partially covered in thin metallic scales. (AC +2)
A meltable icy envelope protects you from harm. (AC +8)
You sometimes gain a little power by taking damage.
A meltable shield of frost defends you. (SH +4)


Message History

You kick the minotaur, but do no damage.
The minotaur is moderately wounded.
The minotaur hits you with the +10 battleaxe of Diumuad {venom, Str+4}!!
* * * LOW HITPOINT WARNING * * *
You focus on the pain.
You feel your power returning. The minotaur gores you.
* * * LOW HITPOINT WARNING * * *
You take 24 damage, and have 16/90 hp.
MASSIVE DAMAGE!!
You regained 2 mp, and now have 8/17 mp.
You feel much better.
The minotaur hits you with the +10 battleaxe of Diumuad {venom, Str+4}!!
* * * LOW HITPOINT WARNING * * *
The minotaur barely misses you.
You regained 2 hp, and now have 18/90 hp.
You now have 4/17 mp.
Okay, then.
Blink to where?
Press: ? - help, Dir - move target
As you read the scroll of blinking, it crumbles to dust.
You feel yourself speed up.
Aiming: Mindburst
Press: ? - help, Shift-Dir - straight line, f - minotaur
Aim: a minotaur, wielding the +10 battleaxe of Diumuad {venom, Str+4}, wearing the +7 Kryia's mail coat {PotionHeal*2 rC+} and quivering javelins (moderately wounded, chance to affect: 14%)
The minotaur resists with almost no effort.
You feel better.
You regained 5 hp, and now have 23/90 hp.
The minotaur hits you with the +10 battleaxe of Diumuad {venom, Str+4}!
* * * LOW HITPOINT WARNING * * *
You are lethally poisoned!
The minotaur completely misses you.
You take 9 damage, and have 14/90 hp.
You now have 3/17 mp.
You feel like a meek peon again.
* * * LOW HITPOINT WARNING * * *
You feel very sick.
You take 4 damage, and have 10/90 hp.
* * * LOW HITPOINT WARNING * * *
You feel very sick.
You take 3 damage, and have 7/90 hp.
* * * LOW HITPOINT WARNING * * *
You feel sick.
The minotaur throws a javelin.
The javelin pierces through you!
You die...

#...#.#.....#.#...#####8##.##..##
#.8.#....©....#...#h.$?©?[..#..#8
#...###########...###########..##
...............................#
...............≈∩≈............≈#
################################
#8# #8##≈...............§##8# ###
####8.8.8..©.©..8.8.8####
#≈....H..@.......≈#
###.#.#######.#.### #.#....#
..#.# #.#.##.#.## #..........
#.#..##'##. #.#..# # ...# #8.#


You could see a minotaur and a raiju.

Vanquished Creatures
  A boulder beetle (D:11)
  A hydra (Lair:1)
  2 two-headed ogres
  A wizard (D:10)
  A manticore (D:8)
  A black mamba (Lair:1)
  Joseph (Lair:1)
  A cane toad (Lair:1)
  Maggie (D:9)
  A komodo dragon (Lair:1)
  A queen bee (Gauntlet)
  2 trolls
  2 large abominations (Gauntlet)
  A ynoxinul (Gauntlet)
  5 small abominations (Gauntlet)
  2 wraiths
  2 vampires (D:11)
  3 wyverns
  Eustachio (D:4)
  5 yaks
  Grum (D:8)
  3 steam dragons
  An acid dragon (D:11)
  Edmund (D:4)
  3 swamp worms (Gauntlet)
  2 water moccasins
  3 orc warriors
  3 sky beasts
  2 ice beasts
  3 wolves
  An ogre (D:5)
  5 centaurs
  2 phantoms
  6 bullfrogs
  A kobold brigand (D:8)
  5 scorpions
  A wyvern zombie (D:8)
  A wyvern skeleton (D:7)
  A water moccasin skeleton (D:6)
  2 troll zombies (D:11)
  14 killer bees
  5 wights (D:6)
  10 howler monkeys
  2 electric eels (D:9)
  2 centaur zombies
  9 hounds
  A jelly (D:7)
  7 orc priests
  2 centaur skeletons (D:7)
  4 iron imps (Gauntlet)
  4 iguanas
  11 orc wizards
  Natasha (thrice) (D:4)
  2 killer bee zombies
  6 ogre zombies (D:11)
  A hound zombie (D:5)
  3 howler monkey zombies
  3 gnolls (D:4)
  A howler monkey skeleton (D:6)
  9 adders
  A white imp (D:6)
  2 ufetubi (D:6)
  2 adder skeletons
  2 dart slugs
  24 orcs
  7 endoplasms
  3 giant cockroaches
  10 goblins
  8 hobgoblins
  4 jackals (D:4)
  4 quokkas
  12 ball pythons
  8 bats
  3 frilled lizards
  2 goblin zombies (D:11)
  4 hobgoblin zombies (D:11)
  8 kobolds
  2 orc skeletons (D:11)
  17 orc zombies (D:11)
  6 rats
310 creatures vanquished.

Vanquished Creatures (others)
  An orc wizard (D:8)
  Robin (D:3)
  A goblin (D:3)
  A fungus (Lair:1)
  13 plants
17 creatures vanquished.

Grand Total: 327 creatures vanquished

Notes
Turn   | Place    | Note
-------+----------+-------------------------------------------
     0 | D:1      | jasper the Demonspawn Artificer began the quest for the
                  | Orb.
     0 | D:1      | Reached XP level 1. HP: 15/15 MP: 1/1
    37 | D:1      | Reached skill level 1 in Dodging
   320 | D:1      | Gained mutation: A meltable shield of frost defends you.
                  | (SH +4) [demonic ancestry]
   320 | D:1      | Reached XP level 2. HP: 21/21 MP: 2/2
  1211 | D:1      | Identified a scroll of acquirement
  1211 | D:1      | Acquired the ring "Soko" {Drain +Blink rF+ Str+6 SInv}
  1289 | D:2      | Gained mutation: You have large cloven feet. [demonic
                  | ancestry]
  1289 | D:2      | Reached XP level 3. HP: 27/27 MP: 3/3
  1369 | D:2      | Acquired 1146 gold pieces
  1371 | D:2      | Acquired 985 gold pieces
  1373 | D:2      | Acquired the amulet "Bissi" {Spirit Drain Str+4 Int+6
                  | Stlth+}
  1421 | D:2      | Reached skill level 1 in Axes
  2426 | D:3      | Noticed Robin
  2430 | D:3      | Gained mutation: You have hoof-like feet. [demonic
                  | ancestry]
  2430 | D:3      | Reached XP level 4. HP: 23/33 MP: 2/4
  2437 | D:3      | Your ally Robin died
  2530 | D:3      | Reached skill level 2 in Axes
  3243 | D:3      | Found a shadowy altar of Dithmenos.
  3243 | D:3      | Found a shimmering blue altar of Sif Muna.
  3294 | D:3      | Gained mutation: You sometimes gain a little power by
                  | taking damage. [demonic ancestry]
  3294 | D:3      | Reached XP level 5. HP: 39/39 MP: 5/5
  3582 | D:3      | Found a faded altar of an unknown god.
  3881 | D:3      | Reached skill level 3 in Axes
  3897 | D:4      | Gained mutation: A meltable icy envelope protects you from
                  | harm. (AC +8) [demonic ancestry]
  3897 | D:4      | Reached XP level 6. HP: 42/47 MP: 6/6
  3951 | D:4      | Noticed a steam dragon
  4005 | D:4      | Noticed Edmund
  4171 | D:5      | Entered Level 5 of the Dungeon
  4183 | D:5      | Reached skill level 4 in Axes
  4213 | D:5      | Noticed Barbarella's ghost (novice KoEn)
  4216 | D:5      | Found a transporter.
  4216 | D:5      | Noticed a troll
  4346 | D:5      | Gained mutation: A meltable icy envelope protects you from
                  | harm. (AC +8) [demonic ancestry]
  4346 | D:5      | Reached XP level 7. HP: 52/53 MP: 7/7
  4623 | D:5      | Found a transporter.
  4705 | D:5      | Found a basalt altar of Yredelemnul.
  4713 | D:5      | Found a blossoming altar of Fedhas.
  4723 | D:5      | Found a radiant altar of Vehumet.
  4789 | D:5      | Noticed a yak
  4791 | D:5      | Noticed a yak
  4805 | D:5      | Noticed a yak
  4845 | D:5      | Killed a yak
  4855 | D:5      | Killed a yak
  4856 | D:5      | Reached skill level 5 in Axes
  4862 | D:5      | Killed a yak
  4863 | D:5      | Gained mutation: You are partially covered in thin metallic
                  | scales. (AC +2) [demonic ancestry]
  4863 | D:5      | Reached XP level 8. HP: 35/61 MP: 8/8
  5097 | D:5      | Found a transporter.
  5123 | D:5      | Reached skill level 6 in Axes
  5187 | D:5      | Found a transporter.
  5261 | D:5      | Reached skill level 5 in Fighting
  5835 | D:6      | Found a staircase to the Ecumenical Temple.
  5849 | Temple   | Entered the Ecumenical Temple
  5991 | Temple   | Became a worshipper of Warmaster Okawaru
  6270 | D:6      | Reached skill level 5 in Dodging
  6322 | D:6      | Reached skill level 7 in Axes
  6541 | D:6      | Reached XP level 9. HP: 52/69 MP: 9/9
  6965 | D:6      | Reached * piety under Okawaru
  7144 | D:7      | Identified the +3 quarterstaff of the Undead {drain, rF+
                  | rC- Int+5}
  7347 | D:7      | Noticed a two-headed ogre
  7763 | D:4      | Noticed Eustachio
  7765 | D:4      | Killed Edmund
  7766 | D:4      | Reached skill level 8 in Axes
  7787 | D:4      | Killed Eustachio
  7963 | D:4      | Noticed Natasha
  7972 | D:4      | Killed Natasha
  8196 | D:4      | Noticed Natasha
  8206 | D:4      | Killed Natasha
  8283 | D:4      | Noticed Natasha
  8288 | D:4      | Killed Natasha
  8895 | D:8      | Noticed a manticore
  8917 | D:8      | Killed a manticore
  8917 | D:8      | Reached ** piety under Okawaru
  8918 | D:8      | Reached skill level 9 in Axes
  9044 | D:8      | Noticed a two-headed ogre
  9066 | D:8      | Killed a two-headed ogre
  9067 | D:8      | Reached skill level 5 in Armour
  9067 | D:8      | Gained mutation: You have hooves in place of feet. [demonic
                  | ancestry]
  9067 | D:8      | Reached XP level 10. HP: 49/79 MP: 7/10
  9070 | D:8      | Reached *** piety under Okawaru
  9517 | D:8      | Reached skill level 10 in Axes
  9928 | D:8      | Noticed Grum
  9936 | D:8      | Killed Grum
 10419 | D:9      | Reached **** piety under Okawaru
 10420 | D:9      | Reached skill level 1 in Invocations
 10563 | D:9      | Noticed Maggie
 10573 | D:9      | Killed Maggie
 10703 | D:9      | Found a staircase to the Lair.
 11169 | D:10     | Entered Level 10 of the Dungeon
 11555 | D:10     | Reached XP level 11. HP: 70/87 MP: 10/14
 11758 | D:10     | Noticed a wizard
 11760 | D:10     | Killed a wizard
 11761 | D:10     | Reached skill level 5 in Invocations
 12930 | D:11     | Identified the +0 pair of gloves of Temperance {rPois}
 12979 | D:11     | Noticed a boulder beetle
 12980 | D:11     | Found a staircase to the Orcish Mines.
 13081 | D:11     | Killed a boulder beetle
 14179 | D:7      | Killed a two-headed ogre
 14263 | D:7      | Found a snail-covered altar of Cheibriados.
 14534 | Lair:1   | Entered Level 1 of the Lair of Beasts
 14537 | Lair:1   | Noticed Joseph
 14542 | Lair:1   | Killed Joseph
 14682 | Lair:1   | Noticed a six-headed hydra
 14702 | Lair:1   | Killed a four-headed hydra
 14783 | Lair:1   | Found a gate leading to a gauntlet.
 14789 | Gauntlet | Entered a Gauntlet
 14789 | Gauntlet | Noticed a fire crab
 14789 | Gauntlet | Found a transporter.
 14789 | Gauntlet | Found a transporter.
 14969 | Gauntlet | Found a transporter.
 14972 | Gauntlet | Found a transporter.
 14972 | Gauntlet | Found a transporter.
 14982 | Gauntlet | Found a transporter.
 15047 | Gauntlet | Found a transporter.
 15059 | Gauntlet | Found a transporter.
 15073 | Gauntlet | Found a transporter.
 15083 | Gauntlet | Found a transporter.
 15098 | Gauntlet | Found a transporter.
 15104 | Gauntlet | Found a transporter.
 15222 | Gauntlet | Reached skill level 11 in Axes
 15233 | Gauntlet | Identified the +2 chain mail of Going Fast {SInv}
 15474 | Gauntlet | Reached skill level 10 in Fighting
 15479 | Gauntlet | Reached ***** piety under Okawaru
 15493 | Gauntlet | Identified the +10 battleaxe of Diumuad {venom, Str+4}
 15493 | Gauntlet | Noticed a minotaur
 15515 | Gauntlet | Hit by a javelin thrown by a minotaur

Illustrated notes

Levels and vault maps discovered:
D:1:      lemuel_arrival_lava_pool, layout_basic, serial_glass, glass_columns_c,
          glass_columns_a
D:2:      minmay_inner_zag, layout_basic, serial_bayou, serial_bayou_pond_c,
          serial_bayou_pond_e, serial_bayou_crossing, serial_bayou_pond_e
D:3:      layout_basic, amethyst_overflow_temple_binary,
          dilly_ecumenical_altar_fadedgnrine, uniq_robin
D:4:      layout_rooms, uniq_eustachio, uniq_natasha, uniq_edmund
D:5:      gammafunk_wand_slinger, layout_basic,
          minmay_overflow_temple_star_quad, gammafunk_ghost_arena,
          hangedman_decor_peaks_small
D:6:      layout_basic, minmay_temple_entry_gardened_gates, minivault_22
D:7:      layout_rooms, kennysheep_slug_shrine
D:8:      minmay_s_stair_smasher, layout_layer_cave, serial_glass,
          glass_columns_c, glass_columns_a, uniq_grum
D:9:      layout_small_grid, erik_lair_island, uniq_maggie
D:10:     layout_cave_pods, serial_column_ruins, column_ruins_hut_pillars,
          column_ruins_hut_water, column_ruins_columns_dead_end,
          column_ruins_grid_4, column_ruins_open_small, column_ruins_open_tiny,
          column_ruins_open_medium
D:11:     layout_basic, zombieorc2_lemuel
Temple:   eino_temple_scatter_basement
Lair:1:   layout_small_grid, gauntlet_entry_generic,
          nicolae_volcano_entry_batcave, uniq_joseph
Gauntlet: gammafunk_gauntlet_shortcut [nicolae_gauntlet_arena_quarters,
          gammafunk_gauntlet_arena_crates, gammafunk_gauntlet_arena_chambers,
          gammafunk_gauntlet_arena_teeth, nicolae_gauntlet_arena_grate_2,
          gammafunk_gauntlet_arena_split_x,
          nicolae_gauntlet_exit_dead_adventurers]

Skill      XL: |  1  2  3  4  5  6  7  8  9 10 11 |
---------------+----------------------------------+-----
Dodging        | 1 2 3 4 5 |  5.0
Armour         | 2 5 6 7 |  7.9
Axes           | 1 2 3 4 5 7 9 10 11 | 11.2
Fighting       | 2 3 4 5 7 8 10 | 10.0
Invocations    | 4 8 |  8.1
Stealth        | |  0.8
Evocations     | |  3.0

Action                   |  1- 3 |  4- 6 |  7- 9 | 10-12 || total
-------------------------+-------+-------+-------+-------++-------
Melee: Club              |    41 |       |       |       ||    41
       Short sword       |    27 |       |       |       ||    27
       Hand axe          |    42 |    77 |   161 |    11 ||   291
       Kick              |    12 |    21 |       |   142 ||   175
       Battleaxe         |       |       |   200 |   383 ||   583
Throw: Stone             |    47 |    29 |    41 |    27 ||   144
       Boomerang         |       |    25 |       |       ||    25
       Throwing net      |       |     1 |       |       ||     1
Invok: Heroism           |       |       |     4 |    12 ||    16
       Finesse           |       |       |       |     5 ||     5
Evoke: Wand              |    11 |     8 |     6 |    12 ||    37
       Piece from Xom's  |       |       |     1 |     4 ||     5
  Use: Scroll            |     8 |     3 |     8 |    11 ||    30
       Potion            |       |       |     1 |     4 ||     5
 Stab: Sleeping          |       |     2 |       |       ||     2
       Held in net/web   |       |     1 |       |       ||     1
       Confused          |       |       |       |     1 ||     1
Armor: Ring mail         |    39 |    29 |    24 |       ||    92
       Leather armour    |     3 |       |       |       ||     3
       Chain mail        |       |       |   203 |    53 ||   256
       Plate armour      |       |       |       |   270 ||   270
Dodge: Dodged            |    51 |    53 |   178 |   204 ||   486
Block: Other             |    12 |    23 |    72 |    71 ||   178

Table legend: (Time is in decaauts)
 A = Elapsed time spent in this place.
 B = Non-inter-level travel time spent in this place.
 C = Inter-level travel time spent in this place.
 D = Time resting spent in this place.
 E = Time spent auto-exploring this place.
 F = Levels seen in this place.
 G = Mean time per level.
                   A        B        C        D        E       F      G
               +--------+--------+--------+--------+--------+-----+--------+
         Total |  15663 |  14784 |    879 |   3316 |   8524 |  14 | 1118.8 |
       Dungeon |  14550 |  13679 |    871 |   3133 |   8019 |  11 | 1322.7 |
        Temple |    151 |    143 |      8 |      0 |    109 |   1 |  151.0 |
          Lair |    243 |    243 |      0 |      0 |     64 |   1 |  243.0 |
      Gauntlet |    717 |    717 |      0 |    183 |    332 |   1 |  717.0 |
               +--------+--------+--------+--------+--------+-----+--------+

Top non-repeatable levels by time:
     D:8: 1831 daAuts
     D:6: 1811 daAuts
    D:10: 1429 daAuts
     D:2: 1426 daAuts
     D:5: 1420 daAuts
     D:3: 1360 daAuts
    D:11: 1340 daAuts
     D:1: 1241 daAuts
     D:9: 999 daAuts
     D:4: 918 daAuts
     D:7: 771 daAuts
Gauntlet: 717 daAuts
  Lair:1: 243 daAuts
  Temple: 151 daAuts
